 Dungeon Crawl Stone Soup version 0.17.1-3-g152610e (webtiles) character file.

51413 MenacingMecha the Brawler (level 14, -34/123 HPs)
             Began as a Troll Monk on Feb 24, 2016.
             Was a High Priest of Ru.
             Annihilated by a white ugly thing (43 damage)
             ... on level 13 of the Dungeon on Feb 25, 2016.
             The game lasted 03:35:55 (20912 turns).

MenacingMecha the Brawler (Troll Monk)             Turns: 20912, Time: 03:35:55

Health: -34/123    AC: -4    Str: 22    XL:     14   Next: 23%
Magic:  15/16      EV: 13    Int:  9    God:    Ru [*****.]
Gold:   1398       SH:  0    Dex: 11    Spells: 1 memorised, 12 levels left

rFire  x . .     SeeInvis +       - Unarmed
rCold  x . .     Clarity  .     I - +1 troll leather armour of Vanity {Regen+ Int+3 Dex-5 SInv}
rNeg   . . .     SustAt   .     (no shield)
rPois  .         Gourm    +     (helmet restricted)
rElec  .         Spirit   .     E - +1 cloak
rCorr  .         Warding  .     (gloves unavailable)
rMut   .         Rnd*Tele +     (boots unavailable)
MR     +....                    X - amulet of faith
Stlth  +.........               V - ring of teleportation
                                x - +4 ring of protection

@: corroded equipment, somewhat resistant to hostile enchantments, very
unstealthy
A: unfitting armour, claws 3, fast metabolism 3, frail 1, gourmand, regeneration
2, shaggy fur 1, tough skin 2, inexperienced 1, temperature sensitive
a: Draw Out Power, Power Leap, Apocalypse, Renounce Religion, Evoke
Teleportation


You were on level 13 of the Dungeon.
You worshipped Ru.
Ru was extremely pleased with you.
You were completely stuffed.

You visited 3 branches of the dungeon, and saw 24 of its levels.

You collected 2151 gold pieces.
You spent 753 gold pieces at shops.

Inventory:

Missiles
 p - 7 large rocks
 v - 5 steel tomahawks
 z - 7 tomahawks (quivered)
 C - 2 javelins
 K - a throwing net
Armour
 E - a +1 cloak (worn)
 I - the +1 troll leather armour of Vanity (worn) {Regen+ Int+3 Dex-5 SInv}
   (You bought it in a shop on level 8 of the Dungeon)

   It affects your intelligence (+3).
   It affects your dexterity (-5).
   It lets you see invisible.
   It increases your rate of regeneration.
Jewellery
 k - an uncursed amulet of rage
 x - a +4 ring of protection (left claw)
 y - an uncursed ring of protection from fire
 D - an uncursed amulet of resist corrosion
 J - an uncursed amulet of stasis
 M - an uncursed ring of protection from cold
 R - an uncursed ring of protection from magic
 V - a ring of teleportation (right claw)
 X - an amulet of faith (around neck)
Wands
 a - a wand of cold (10)
 h - a wand of flame (24)
 i - a wand of confusion (8)
 q - a wand of disintegration (10)
 H - a wand of confusion (27)
 N - a wand of disintegration (10)
 O - a wand of teleportation (1)
 Q - a wand of slowing (30)
Scrolls
 d - 2 scrolls of fog
 f - 7 scrolls of remove curse
 l - 5 scrolls of identify
 o - 3 scrolls of recharging
 w - 3 scrolls of fear
 A - a scroll of blinking
 F - a scroll of teleportation
 G - a scroll of magic mapping
 U - 2 scrolls of silence
Potions
 c - 9 potions of curing
 e - 2 potions of ambrosia {unknown}
 m - a potion of magic {unknown}
 n - 2 potions of lignification
 r - a potion of resistance
 s - 2 potions of haste
 t - 5 potions of flight
 u - a potion of cure mutation
 B - 2 potions of mutation {unknown}
 S - 3 potions of agility
 T - a potion of might
Miscellaneous
 P - a fan of gales
 Z - a stone of tremors
Comestibles
 b - 10 bread rations
 g - a slice of pizza
 j - 4 meat rations
 L - 3 chunks of flesh
 W - a beef jerky


   Skills:
 + Level 8.5 Fighting
 + Level 9.2 Throwing
 + Level 7.7 Armour
 + Level 8.3 Dodging
 - Level 1.1 Stealth
 + Level 15.2 Unarmed Combat
 - Level 5.0 Evocations


You had 12 spell levels left.
You knew the following spells:

 Your Spells              Type           Power        Failure   Level  Hunger
a - Summon Butterflies    Summ           #.......     45%         1    ##.....


Dungeon Overview and Level Annotations

Branches:
Dungeon (14/15)            Temple (0/1) D:7            Lair (7/8) D:10
  Swamp (0/4) Lair:6        Snake (0/4) Lair:4          Orc (3/4) D:11
  Slime: Lair:6-8       Elf: Orc:3-4     Vaults: D:13-14

Altars:
Dithmenos
Elyvilon
Kikubaaqudgha
Makhleb
Nemelex Xobeh
Qazlal
Ru
Sif Muna
Trog
Vehumet
Xom
Yredelemnul
Zin
The Shining One

Shops:
D:6 [   D:8 *   Orc:2 *   Orc:3 }

Annotations:
Lair:3 exclusion: oklob plant
Lair:7 Maud


Innate Abilities, Weirdness & Mutations

You are too large for most types of armour.
You have claws for hands.
Your metabolism is lightning-fast.
You are frail (-10% HP).
You like to eat raw meat.
You heal very quickly.
You are covered in fur (AC +1).
You have very tough skin (AC +2).
You are somewhat inexperienced (-2 XL).
You are sensitive to extremes of temperature (rF-, rC-).


Message History

You are too injured to fight recklessly!
You are too injured to fight recklessly!
You are too injured to fight recklessly!
The brown ugly thing barely misses you.
Aiming: Power Leap
Press: ? - help, Dir - move target cursor The brown ugly thing basks in the mutagenic energy from its kin and changes! x2
The brown ugly thing basks in the mutagenic energy from its kin and changes!
There is a stone staircase leading up here.
You climb upwards.
There is a stone staircase leading down here.
You feel less exhausted. The white ugly thing pecks you!
* * * LOW HITPOINT WARNING * * *
The white ugly thing freezes you!!
You feel a terrible chill!
* * * LOW HITPOINT WARNING * * *
The white ugly thing pecks you!
* * * LOW HITPOINT WARNING * * *
The white ugly thing freezes you!!!
You feel a terrible chill!
You die...

#⌠.⌠##.#
##........#.###..
#.(....#
##..##..####.# ###
######<###..#...##
#.# # #.##..##.###
#.# # #.#..###.# #.#
# #.#.###..# #.# ##
############...##..##
#.# ##.
..................##
#.# #..
##############.u@..##
#.# ##. #.###..###
###.##### #.# ##...#
#........ #.#
###.###.#######
########.#
##...#.#...###
####........#
##..#.....#..##
###....######.#
##.##.#.#.#.##.#
##...####
#.###.##.⌠.###.⌠.##.
...###
#..#.####.#.#.#.####


You could see a white ugly thing.

Vanquished Creatures
  Josephine (Orc:3)
  The ghost of quinotauri the Blocker, a journeyman HOFi of Qazlal (D:11)
  Erolcha (Orc:1)
  A hydra (Lair:2)
  The ghost of urm the Protected, a novice MiHu of Okawaru (D:8)
  9 death yaks
  The ghost of riffraff the Grappler, a novice TrMo (D:7)
  Nergalle (D:11)
  An unseen horror (D:9)
  5 hill giants
  Pikel (D:5)
  2 orc knights (D:13)
  2 orc sorcerers
  2 cyclopes (D:14)
  6 elephants
  3 ugly things
  Maurice (D:11)
  A gargoyle (D:13)
  11 spiny frogs
  2 kobold demonologists (D:12)
  4 komodo dragons
  2 fire drakes
  3 trolls
  3 polar bears (Lair:5)
  9 blink frogs
  5 slime creatures (D:14)
  A boulder beetle (Lair:6)
  2 deep elf magi
  A shadow (D:10)
  17 yaks
  5 wraiths
  2 wyverns
  3 basilisks
  12 wolves (Lair:3)
  A steam dragon (Lair:3)
  3 nagas
  9 water moccasins
  9 hippogriffs
  3 insubstantial wisps (Lair:6)
  2 hungry ghosts
  4 wargs (Orc:3)
  A spider (D:9)
  3 soldier ants
  15 orc warriors
  A wasp (D:9)
  6 ice beasts
  5 black bears
  8 porcupines
  An eye of draining (D:13)
  4 sky beasts
  A phantom (D:12)
  13 ogres
  3 centaurs
  11 crocodiles
  A brain worm (D:12)
  Blork the orc (D:4)
  12 giant frogs
  A gnoll sergeant (D:8)
  4 big kobolds (D:12)
  A wyvern skeleton (D:9)
  A water moccasin zombie (D:8)
  6 killer bees (D:11)
  5 scorpions
  13 wights
  An electric eel (Orc:3)
  8 crimson imps
  2 centaur zombies
  A quasit (D:11)
  10 hounds
  22 orc priests
  4 giant frog zombies
  28 orc wizards
  3 centaur skeletons
  2 giant frog skeletons
  9 iguanas
  3 worker ants
  3 hound skeletons
  A worker ant zombie (D:9)
  Robin (D:2)
  12 gnolls
  36 river rats
  3 shadow imps
  16 adders
  An adder skeleton (D:5)
  3 worms
  8 giant geckos
  152 orcs
  8 bats
  2 gnoll zombies (D:2)
  17 hobgoblins
  25 jackals
  16 kobolds
  3 quokkas
  A ball python (D:3)
  3 giant cockroaches
  6 giant newts
  20 goblins
  A quokka skeleton (D:7)
  A quokka zombie (D:6)
  5 rats
  A plant (Lair:7)
708 creatures vanquished.

Vanquished Creatures (others)
  The ghost of DarthKuruptios the Basher, a journeyman GrBe of Trog (Lair:2)
  A death yak (Lair:5)
  A komodo dragon (Lair:2)
  An insubstantial wisp (Lair:6)
  A hound (D:5)
  An orc wizard (D:6)
  A worker ant (D:5)
  2 orcs
  A kobold (D:12)
  3 fungi
  2 plants
15 creatures vanquished.

Grand Total: 723 creatures vanquished

Notes
Turn   | Place    | Note
--------------------------------------------------------------
     0 | D:1      | MenacingMecha the Troll Monk began the quest for the Orb.
     0 | D:1      | Reached XP level 1. HP: 22/22 MP: 0/0
   126 | D:1      | Reached XP level 2. HP: 29/29 MP: 1/1
   666 | D:2      | Noticed Robin
   670 | D:2      | Reached XP level 3. HP: 36/36 MP: 2/2
   698 | D:2      | Killed Robin
   741 | D:2      | Reached skill level 5 in Unarmed Combat
   826 | D:2      | Reached XP level 4. HP: 43/45 MP: 3/3
   940 | D:2      | Reached skill level 1 in Evocations
  1220 | D:2      | Found a basalt altar of Yredelemnul.
  1903 | D:3      | Reached XP level 5. HP: 53/53 MP: 5/5
  1973 | D:3      | Found a faded altar to an unknown god.
  2528 | D:4      | Found a sacrificial altar of Ru.
  2531 | D:4      | Noticed Blork the orc
  2549 | D:4      | Killed Blork the orc
  2549 | D:4      | Reached skill level 6 in Unarmed Combat
  2549 | D:4      | Reached XP level 6. HP: 61/61 MP: 6/6
  2554 | D:4      | Became a worshipper of Ru the Awakened
  2564 | D:4      | Gained mutation: You are somewhat inexperienced (-2 XL). [Ru sacrifice]
  2564 | D:4      | Reached XP level 5. HP: 53/53 MP: 5/5
  2564 | D:4      | Reached XP level 4. HP: 45/45 MP: 4/4
  2564 | D:4      | Reached * piety under Ru
  2668 | D:4      | Found a bloodstained altar of Trog.
  2936 | D:4      | Found a shadowy altar of Dithmenos.
  2938 | D:4      | Found a stormy altar of Qazlal.
  2939 | D:4      | Found a radiant altar of Vehumet.
  2941 | D:4      | Found an ancient bone altar of Kikubaaqudgha.
  2989 | D:4      | Reached XP level 5. HP: 27/53 MP: 6/6
  3250 | D:5      | Entered Level 5 of the Dungeon
  3262 | D:5      | Found a shimmering altar of Xom.
  3301 | D:5      | Reached XP level 6. HP: 52/61 MP: 7/7
  3404 | D:5      | Noticed Pikel
  3406 | D:5      | Noticed a slave
  3409 | D:5      | Killed Pikel
  3409 | D:5      | Reached skill level 7 in Unarmed Combat
  3409 | D:5      | Reached XP level 7. HP: 67/67 MP: 7/9
  3410 | D:5      | Noticed a freed slave
  3530 | D:5      | Reached skill level 8 in Unarmed Combat
  3557 | D:5      | Found a white marble altar of Elyvilon.
  3558 | D:5      | Found a glowing silver altar of Zin.
  3559 | D:5      | Found a glowing golden altar of the Shining One.
  3648 | D:5      | Noticed a freed slave
  3788 | D:5      | Noticed a freed slave
  3839 | D:6      | Reached XP level 8. HP: 66/75 MP: 10/10
  3848 | D:6      | Reached skill level 5 in Evocations
  3978 | D:6      | Reached skill level 9 in Unarmed Combat
  4369 | D:6      | Reached skill level 10 in Unarmed Combat
  4461 | D:6      | Found a sparkling altar of Nemelex Xobeh.
  4463 | D:6      | Found a burning altar of Makhleb.
  4638 | D:6      | Reached skill level 1 in Armour
  4669 | D:6      | Found Emocoiq's Antique Armour Boutique.
  4676 | D:6      | Bought an embroidered cloak for 81 gold pieces
  4676 | D:6      | Bought a runed robe for 12 gold pieces
  4808 | D:6      | Reached XP level 9. HP: 71/83 MP: 11/11
  4940 | D:7      | Gained mutation: You are frail (-10% HP). [Ru sacrifice]
  4940 | D:7      | Reached ** piety under Ru
  5045 | D:7      | Found a deep blue altar of Sif Muna.
  5129 | D:7      | Found a staircase to the Ecumenical Temple.
  5351 | D:7      | Noticed riffraff's ghost (novice TrMo)
  5397 | D:8      | Noticed urm's ghost (novice MiHu)
  5810 | D:9      | Reached skill level 11 in Unarmed Combat
  6047 | D:9      | Reached skill level 12 in Unarmed Combat
  6469 | D:9      | Reached skill level 1 in Throwing
  6507 | D:9      | Reached XP level 10. HP: 38/82 MP: 12/12
  6915 | D:9      | Noticed an unseen horror
  6929 | D:9      | Killed an unseen horror
  7083 | D:9      | Noticed a komodo dragon
  7095 | D:9      | Killed a komodo dragon
  7100 | D:9      | Gained mutation: You are sensitive to extremes of temperature (rF-, rC-). [Ru sacrifice]
  7100 | D:9      | Reached *** piety under Ru
  7100 | D:9      | Reached **** piety under Ru
  7100 | D:9      | Reached ***** piety under Ru
  7315 | D:10     | Entered Level 10 of the Dungeon
  7386 | D:10     | Found a staircase to the Lair.
  7860 | Lair:1   | Entered Level 1 of the Lair of Beasts
  8345 | Lair:1   | Reached skill level 5 in Fighting
  8750 | Lair:2   | Reached XP level 11. HP: 60/91 MP: 13/13
  8881 | Lair:2   | Noticed DarthKuruptios's ghost (journeyman GrBe)
  9219 | Lair:3   | Reached skill level 5 in Dodging
  9804 | Lair:4   | Found a staircase to the Snake Pit.
 10005 | Lair:4   | Reached skill level 13 in Unarmed Combat
 10027 | Lair:4   | Reached skill level 5 in Throwing
 10294 | Lair:4   | Reached skill level 5 in Armour
 10508 | Lair:4   | Reached XP level 12. HP: 101/103 MP: 14/14
 10587 | Lair:4   | Gained mutation: You are partially covered in molten scales (AC +1). [potion of beneficial mutation]
 10594 | Lair:4   | Lost mutation: You are partially covered in molten scales (AC +1). [potion of cure mutation]
 10832 | D:11     | Found a staircase to the Orcish Mines.
 10844 | D:11     | Noticed Nergalle
 10847 | D:11     | Noticed quinotauri's ghost (journeyman HOFi)
 10857 | D:11     | Killed Nergalle
 10861 | D:11     | Got an ichor-stained robe
 11085 | D:11     | Noticed Maurice
 11093 | D:11     | Killed Maurice
 11130 | D:11     | Identified the cursed +0 robe "Lair Gah" {MR+} (You found it on level 11 of the Dungeon)
 11387 | Orc:1    | Entered Level 1 of the Orcish Mines
 11387 | Orc:1    | Noticed Erolcha
 11395 | Orc:1    | Killed Erolcha
 11395 | Orc:1    | Reached skill level 14 in Unarmed Combat
 11592 | Orc:2    | Found Jaoboir's General Store.
 13268 | Orc:3    | Found Xaxzaqext's Gadget Shoppe.
 13329 | Orc:3    | Noticed Josephine
 13342 | Orc:3    | Killed Josephine
 13979 | D:9      | Noticed a hill giant
 13984 | D:9      | Killed a hill giant
 14047 | D:7      | Killed riffraff's ghost
 14464 | D:8      | Found a shadowy altar of Dithmenos.
 14465 | D:8      | Found Onoi's Assorted Antiques.
 14481 | D:8      | Bought a pitted troll leather armour for 660 gold pieces
 14491 | D:8      | Identified the +1 troll leather armour of Vanity {Regen+ Int+3 Dex-5 SInv} (You bought it in a shop on level 8 of the Dungeon)
 14546 | D:8      | Killed urm's ghost
 14659 | D:8      | Found a sparkling altar of Nemelex Xobeh.
 14683 | D:8      | Found Elut's Assorted Antiques.
 15452 | D:11     | Killed quinotauri's ghost
 15593 | Lair:2   | Reached XP level 13. HP: 111/111 MP: 15/15
 15639 | Lair:2   | Killed DarthKuruptios's ghost
 15646 | Lair:2   | Noticed a seven-headed hydra
 15655 | Lair:2   | Killed a seven-headed hydra
 17287 | Lair:6   | Found a staircase to the Swamp.
 17436 | Lair:5   | HP: 4/114 [death yak (19)]
 18343 | Lair:7   | Reached skill level 15 in Unarmed Combat
 18430 | Lair:7   | Noticed Maud
 18517 | Lair:7   | HP: 3/114 [death yak (10)]
 19718 | D:13     | Reached XP level 14. HP: 105/123 MP: 0/16
 20498 | D:14     | Learned a level 1 spell: Summon Butterflies
 20912 | D:13     | Annihilated by a white ugly thing

Action                   |  1- 3 |  4- 6 |  7- 9 | 10-12 | 13-15 || total
-------------------------+-------+-------+-------+-------+-------++-------
Melee: Unarmed           |    86 |   245 |   258 |   883 |   639 ||  2111
Throw: Tomahawk          |       |       |     1 |    27 |    62 ||    90
       Large rock        |       |       |       |    51 |       ||    51
       Javelin           |       |       |       |       |     2 ||     2
       Throwing net      |       |       |       |       |     1 ||     1
Invok: Sacrifice Experie |       |     1 |       |       |       ||     1
       Sacrifice Health  |       |       |     1 |       |       ||     1
       Sacrifice Resista |       |       |       |     1 |       ||     1
       Reject Sacrifices |       |       |       |     2 |     1 ||     3
       Power Leap        |       |       |       |     1 |     5 ||     6
       Draw Out Power    |       |       |       |       |     1 ||     1
 Abil: Evoke Berserk Rag |     1 |     2 |     1 |     1 |       ||     5
Evoke: Wand              |       |       |       |     1 |       ||     1
  Use: Scroll            |       |       |       |    15 |     8 ||    23
       Potion            |       |       |       |    13 |     2 ||    15
 Stab: Sleeping          |     1 |     5 |     2 |     3 |       ||    11
       Distracted        |       |       |     3 |     6 |     3 ||    12
       Invisible         |       |       |       |     6 |    20 ||    26
       Paralysed         |       |       |       |     6 |     5 ||    11
       Confused          |       |       |       |     1 |       ||     1
  Eat: Chunk             |    14 |    24 |    27 |    86 |    53 ||   204
       Pizza             |       |       |       |       |     1 ||     1
